 Dungeon Crawl Stone Soup version 0.26.1-11-gd32895ea62 (webtiles) character file.

Game seed: 7242880942272535314

99 Silvore the Slasher (level 4, -2/34 HPs)
             Began as a Demonspawn Gladiator on June 29, 2021.
             Slain by a gnoll
             ... wielding a +0 whip
              (6 damage)
             ... on level 2 of the Dungeon.
             The game lasted 00:03:12 (1650 turns).

Silvore the Slasher (Demonspawn Gladiator)          Turns: 1650, Time: 00:03:12

Health: -2/34      AC:  5    Str: 16    XL:     4   Next: 45%
Magic:  4/4        EV: 13    Int:  9    God:
Gold:   41         SH:  0    Dex: 14    Spells: 3/3 levels left

rFire    + . .     SeeInvis .   a - +0 long sword
rCold    . . .     Faith    .   (no shield)
rNeg     . . .     Spirit   .   b - +0 leather armour
rPois    .         Reflect  .   c - +0 helmet
rElec    .         Harm     .   (no cloak)
rCorr    .         Rampage  .   (no gloves)
Will     .....                  (no boots)
Stlth    +.........             (no amulet)
HPRegen  0.11/turn              (no ring)
MPRegen  0.09/turn              (no ring)

@: no status effects
A: fire resistance 1, flame cloud immunity, sharp scales 1
a: no special abilities


You were on level 2 of the Dungeon.
You visited 1 branch of the dungeon, and saw 2 of its levels.

You collected 41 gold pieces.

Inventory:

Hand Weapons
 a - a +0 long sword (weapon)
 e - a +0 dagger of draining
Missiles
 d - 3 throwing nets (quivered)
Armour
 b - a +0 leather armour (worn)
 c - a +0 helmet (worn)
Wands
 i - a wand of paralysis (10)
Scrolls
 f - 2 scrolls of identify {unknown}
 j - a scroll of blinking {unknown}
Potions
 g - a potion of flight {unknown}
 h - a potion of curing
 k - 2 potions of heal wounds {unknown}


   Skills:
 + Level 2.7 Fighting
 + Level 3.6 Long Blades
 + Level 2.0 Throwing
 + Level 0.5 Armour
 + Level 3.4 Dodging


You had 3 spell levels left.
You didn't know any spells.
Your spell library was empty.

Dungeon Overview and Level Annotations

Branches:
Dungeon (2/15)

Altars:


Innate Abilities, Weirdness & Mutations

Your flesh is heat resistant. (rF+)
You are immune to clouds of flame.
You are partially covered in razor-sharp scales. (AC +1, Slay +1)


Message History

The gnoll hits you with a +0 spear.
Found 9 gold pieces.
You see here a +0 halberd.
You slash the gnoll!
The gnoll is severely wounded.
The gnoll hits you with a +0 whip.
The gnoll hits you from afar with a +0 spear.
* * * LOW HITPOINT WARNING * * *
The gnoll misses you.
You riposte.
You hit the gnoll.
The gnoll is moderately wounded.
You closely miss the gnoll.
The gnoll is severely wounded.
The gnoll hits you from afar with a +0 spear.
* * * LOW HITPOINT WARNING * * *
The gnoll completely misses you.
You riposte.
You hit the gnoll.
The gnoll is almost dead.
The gnoll hits you with a +0 whip.
* * * LOW HITPOINT WARNING * * *
The gnoll hits you but does no damage. The gnoll hits you with a +0 whip.
You die...

##..# #. #..# #.
#..## #. #...#
.######
#####..####......#
...[........#....
+#####...##.#g.#####.
#...##.#)g......
#.#..#.#@g#.....
#.#..#.#..# ##$
#.##...#..#
#.........#
####...#.## #...#...
##..##### ...# .#.>#


You could see 3 gnolls.

Vanquished Creatures
  Jessica (D:2)
  A gnoll (D:2)
  3 adders (D:2)
  A worm (D:2)
  3 dart slugs
  5 giant cockroaches
  2 goblins (D:1)
  3 hobgoblins
  5 bats
  2 frilled lizards (D:1)
  3 kobolds
  2 rats
31 creatures vanquished.

Notes
Turn   | Place    | Note
-------+----------+-------------------------------------------
     0 | D:1      | Silvore the Demonspawn Gladiator began the quest for the
                  | Orb.
     0 | D:1      | Reached XP level 1. HP: 16/16 MP: 1/1
   148 | D:1      | Gained mutation: Your flesh is heat resistant. (rF+)
                  | [demonic ancestry]
   148 | D:1      | Reached XP level 2. HP: 15/17 MP: 2/2
   654 | D:2      | Gained mutation: You are immune to clouds of flame.
                  | [demonic ancestry]
   654 | D:2      | Reached XP level 3. HP: 12/24 MP: 3/3
  1248 | D:2      | Noticed Jessica
  1257 | D:2      | Killed Jessica
  1258 | D:2      | Gained mutation: You are partially covered in razor-sharp
                  | scales. (AC +1, Slay +1) [demonic ancestry]
  1258 | D:2      | Reached XP level 4. HP: 27/34 MP: 4/4
  1650 | D:2      | Slain by a gnoll

Illustrated notes

Levels and vault maps discovered:
D:1:      dpeg_arrival_houses_and_road, layout_rooms
D:2:      layout_basic, bh_walls_and_bars, uniq_jessica, uniq_sigmund

Skill      XL: |  1  2 |
---------------+-------+-----
Long Blades    | 3 |  3.6
Throwing       | 2 |  2.0
Dodging        | 3 |  3.4
Fighting       | |  2.7
Armour         | |  0.5

Action                   |  1- 3 |  4- 6 || total
-------------------------+-------+-------++-------
Melee: Long sword        |    65 |    21 ||    86
  Use: Potion            |     1 |       ||     1
Armor: Leather armour    |    31 |     8 ||    39
Dodge: Dodged            |    59 |    14 ||    73
       Rpst.: Long sword |    22 |     9 ||    31
